[Event "*** Titled Tuesday Blitz"]
[Site "Chess.com"]
[Date "2019.05.07"]
[Round "4"]
[White "FearNoEvil12"]
[Black "Perecke"]
[Result "1-0"]
[WhiteElo "2024"]
[BlackElo "2086"]
[TimeControl "180+2"]
[EndTime "13:55:01 PDT"]
[Termination "FearNoEvil12 won on time"]

1. e4 e5 2. d4 exd4 3. Bc4 Nc6 4. Nf3 Nf6 5. e5 d5 6. Bb5 Ne4 7. Nxd4 Bc5 8. O-O O-O 9. Bxc6 bxc6 10. f3 Ng5 11. f4 Ne6 12. Be3 Bxd4 13. Bxd4 c5 14. Be3 d4 15. Bd2 Bb7 16. Na3 Re8 17. Qg4 Qd5 18.
Rf3 Nf8 19. Rg3 g6 20. Rf1 Bc8 21. Qg5 Ne6 22. Qh6 Ng7 23. Rh3 Bxh3 24. Qxh3 Qxa2 25. Nb5 Rec8 26. f5 Qd5 27. e6 Nxf5 28. exf7+ Kh8 29. Bg5 Ng7 30. Bf6 Qxf7 31. Bxd4 Qe7 32. Bf6 Qf7 33.
Nc3 Qg8 34. Ne4 1-0

[Event "*** Titled Tuesday Blitz"]
[Site "Chess.com"]
[Date "2019.05.07"]
[Round "4"]
[White "nonscitis"]
[Black "ShimanovAlex"]
[Result "0-1"]
[WhiteElo "2567"]
[BlackElo "2838"]
[TimeControl "180+2"]
[EndTime "13:55:03 PDT"]
[Termination "ShimanovAlex won on time"]

1. d4 Nf6 2. c4 g6 3. Nc3 Bg7 4.
e4 d6 5. Nf3 O-O 6. Be2 Na6 7.
O-O e5 8. Be3 c6 9. h3 exd4 10.
Bxd4 Re8 11. e5 dxe5 12. Bxe5 Be6 13. Qxd8 Raxd8 14. Rfd1 Nc5 15. Rxd8 Rxd8 16. Rd1 Re8 17. Bd4 Nce4 18. Nxe4 Nxe4 19. Bxg7 Kxg7 20. Nd4 Bc8 21. Bf3 Nc5 22. b3 a5 23. Kf1 Kf6 24. g4 h5 25. Nc2 h4 26. Ne3 Ne6 27. Bg2 Nf4 28.
Kg1 Be6 29. Bf1 a4 30. b4 a3 31. Kh2 Ra8 32. Ng2 Nxg2 33. Kxg2 Ra4 34. Rb1 Ke5 35. Kf3 Kd4 36. Kf4 Kc3 37. Rb3+ Kc2 38. Kg5 b5 39. Rf3 bxc4 40. Kxh4 Kb2 0-1

[Event "*** Titled Tuesday Blitz"]
[Site "Chess.com"]
[Date "2019.05.07"]
[Round "4"]
[White "Vusatiuk_Vladimir"]
[Black "kikoveiga"]
[Result "1-0"]
[WhiteElo "2170"]
[BlackElo "2268"]
[TimeControl "180+2"]
[EndTime "13:55:05 PDT"]
[Termination "Vusatiuk_Vladimir won by resignation"]

1. e4 c5 2. Nf3 d6 3. d4 cxd4 4. Qxd4 Nc6 5. Bb5 Bd7 6. Bxc6 Bxc6 7. Nc3 a6 8. Bg5 Qa5 9. O-O-O Nf6 10. Qd3 Rc8 11.
Bxf6 gxf6 12. Nd4 e6 13. f4 b5 14. e5 b4 15. Nb3 Qb6 16. exd6 Rd8 17. Ne4 Bxe4 18.
d7+ Ke7 19. Qxe4 Rxd7 20. Rxd7+ Kxd7 21. Rd1+ Bd6 22. f5 Ke7 23. fxe6 fxe6 24. Nd4 Be5 25. Nc6+ Kf7 26. Nxe5+ fxe5 27. Qxe5 Rd8 28. Rf1+ Kg8 29. h4 Rd5 30. Qg3+ 1-0

[Event "*** Titled Tuesday Blitz"]
[Site "Chess.com"]
[Date "2019.05.07"]
[Round "4"]
[White "Yurovskykh_Oleksandr"]
[Black "PotapovaM"]
[Result "1-0"]
[WhiteElo "2522"]
[BlackElo "2448"]
[TimeControl "180+2"]
[EndTime "13:55:09 PDT"]
[Termination "Yurovskykh_Oleksandr won by resignation"]

1. d4 Nf6 2. Nf3 g6 3. Bg5 Bg7 4. Nbd2 d5 5. e3 O-O 6. Be2 c5 7. c3 Nbd7 8. O-O b6 9. h3 Bb7 10. a4 a6 11. b4 Rc8 12. bxc5 bxc5 13. Qb3 Qc7 14. Rfb1 Bc6 15. Bxa6 Rb8 16. Bb5 Ne4 17. Nxe4 dxe4 18. Nd2 Rfe8 19. d5 Bxb5 20. axb5 Qe5 21.
Bf4 Qxc3 22. Qxc3 Bxc3 23. Bxb8 Bxa1 24. Bc7 Be5 25. Bxe5 Nxe5 26. Nxe4 Nd7 27. Ra1 Rb8 28. Ra7 Nf6 29. Nxf6+ exf6 30. d6 Kg7 31. d7 c4 32.
Rc7 Rd8 33. b6 c3 34. b7 c2 35. Rxc2 1-0

[Event "*** Titled Tuesday Blitz"]
[Site "Chess.com"]
[Date "2019.05.07"]
[Round "4"]
[White "NM2019"]
[Black "PawnEatingZombie"]
[Result "0-1"]
[WhiteElo "2150"]
[BlackElo "2158"]
[TimeControl "180+2"]
[EndTime "13:55:15 PDT"]
[Termination "PawnEatingZombie won by resignation"]

1. c4 e6 2. Nf3 d5 3. d4 dxc4 4. Nc3 Bb4 5. g3 b5 6. Bg2 Bb7 7. O-O a6 8. Bg5 Be7 9. Be3 Nf6 10. a4 c6 11. Ne5 Qc8 12. b3 cxb3 13. Qxb3 b4 14. Ne4 Nxe4 15. Bxe4 Nd7 16. Nc4 c5 17. Rac1 Bxe4 18. a5 O-O 19. dxc5 Bd5 20. Qxb4 Bxc4 21. Qxc4 Qc6 22. Rfd1 Rfc8 23. Rc2 h6 24. Rdc1 Nf6 25. f3 Rab8 26. Bf2 Rb5 27. e4 Nd7 28. f4 Bxc5 29.
Qe2 Qd6 30. e5 Bxf2+ 31. Qxf2 Rxc2 32. Qxc2 Qd4+ 33. Qf2 Qxf2+ 34. Kxf2 Rxa5 35. Rc7 Nf8 36.
Rc8 g6 37. g4 Kg7 38. Rd8 Ra3 39. h4 h5 40. f5 exf5 41. gxf5 gxf5 42. Ke2 Ng6 43.
e6 fxe6 44. Rd7+ Kf6 0-1

[Event "*** Titled Tuesday Blitz"]
[Site "Chess.com"]
[Date "2019.05.07"]
[Round "4"]
[White "2nd_life"]
[Black "FedaMaster"]
[Result "1-0"]
[WhiteElo "2430"]
[BlackElo "2307"]
[TimeControl "180+2"]
[EndTime "13:55:20 PDT"]
[Termination "2nd_life won by resignation"]

1. e4 d5 2. exd5 Qxd5 3. Nc3 Qd6 4. Nf3 Nf6 5. g3 Bg4 6. Bg2 Nc6 7. h3 Bh5 8. g4 Bg6 9. d3 O-O-O 10. Be3 a6 11. Nh4 e5 12. Nxg6 fxg6 13. Ne4 Qb4+ 14. Qd2 Qxb2 15.
O-O Bb4 16. Qe2 Rhf8 17. Rab1 Qa3 18. Rb3 Qxa2 19. Nxf6 Rxf6 20. Bxc6 Rxc6 21. Rxb4 Qxc2 22. Qf3 Qxd3 23. Rfb1 e4 24. Qf7 b5 25. Qxg7 h5 26. g5 Rd5 27. R4b2 a5 28. Ra1 b4 29. Rd2 Qc4 30. Qg8+ Kb7 31. Qxd5 Qxd5 32. Rxd5 Rc2 33.
Rdxa5 c6 34. Ra7+ Kb8 35. Bf4+ Kc8 36. Rc7+ Kb8 37. Rh7+ 1-0

[Event "*** Titled Tuesday Blitz"]
[Site "Chess.com"]
[Date "2019.05.07"]
[Round "4"]
[White "EfrenRamos1"]
[Black "ilm2034"]
[Result "1/2-1/2"]
[WhiteElo "2321"]
[BlackElo "2408"]
[TimeControl "180+2"]
[EndTime "13:55:22 PDT"]
[Termination "Game drawn by agreement"]

1. Nf3 Nf6 2. c4 e6 3. b3 d5 4. Bb2 Bd6 5. g3 O-O 6. Bg2 b6 7. O-O Bb7 8. d4 Nbd7 9. Nbd2 Ne4 10. Nxe4 dxe4 11. Nd2 f5 12. e3 Nf6 13. f3 exf3 14. Bxf3 Bxf3 15. Qxf3 Bb4 16. Rad1 Bxd2 17. Rxd2 Ne4 18.
Rdd1 c6 19. Qf4 Qf6 20. Ba1 Qe7 21. Qe5 Qd6 22. Qxd6 Nxd6 23. d5 exd5 24. cxd5 c5 25. Be5 Ne4 26. Bc7 Nc3 27. Rd2 Rf7 28. d6 Rd7 29.
Rxf5 Nb5 30. Rfd5 Re8 31. a4 Nxc7 32. dxc7 Rxc7 33. Rd8 Rxd8 34. Rxd8+ Kf7 35. Kf2 Ke7 36. Ra8 Rd7 37. Ke2 Ke6 38. Rh8 h6 39. Re8+ Kd5 40. Rc8 Re7 41. Rd8+ Ke4 42. Rc8 Rd7 43. Re8+ Kd5 44.
Rc8 Ke4 45. Re8+ 1/2-1/2

[Event "*** Titled Tuesday Blitz"]
[Site "Chess.com"]
[Date "2019.05.07"]
[Round "4"]
[White "Saitama_Hero"]
[Black "quesfr"]
[Result "1-0"]
[WhiteElo "2220"]
[BlackElo "2181"]
[TimeControl "180+2"]
[EndTime "13:55:28 PDT"]
[Termination "Saitama_Hero won by resignation"]

1. Nf3 d5 2. c4 e6 3. g3 g6 4. Bg2 Bg7 5. O-O Ne7 6. d4 Nbc6 7. e3 O-O 8. Nbd2 b6 9. a3 a5 10. b3 Ba6 11. Bb2 a4 12. Re1 axb3 13. cxd5 exd5 14.
Nxb3 Bc4 15. Nfd2 Ba6 16. Qc2 Bc8 17. Rec1 Bf5 18. Qc3 Qd7 19. a4 Rfb8 20. Bf1 Qc8 21. Bb5 Bd7 22. Ba3 Ra7 23. Bxe7 Nxe7 24. Bxd7 Qxd7 25.
a5 Rba8 26. axb6 Rxa1 27. Rxa1 Rxa1+ 28. Qxa1 cxb6 29. Qa8+ Bf8 30. Qb8 Qb5 31. Nc5 Kg7 32.
Nf3 Nc6 33. Qb7 Bxc5 34. dxc5 Qxc5 35. Ng5 Ne7 36. Qb8 f6 37. Ne6+ 1-0

[Event "*** Titled Tuesday Blitz"]
[Site "Chess.com"]
[Date "2019.05.07"]
[Round "4"]
[White "c63_amg"]
[Black "Aryangholami"]
[Result "1-0"]
[WhiteElo "2670"]
[BlackElo "2654"]
[TimeControl "180+2"]
[EndTime "13:55:29 PDT"]
[Termination "c63_amg won by resignation"]

1. e4 c5 2. Nf3 e6 3. d4 cxd4 4. Nxd4 a6 5. Bd3 Qc7 6. Nc3 Nf6 7. Qe2 Nc6 8. Nxc6 dxc6 9. e5 Nd7 10. Bf4 Bb4 11. O-O Nc5 12. Ne4 Nxd3 13. Qxd3 O-O 14. Nf6+ gxf6 15. Qg3+ Kh8 16. exf6 Rg8 17. Bxc7 Rxg3 18.
hxg3 h6 19. Rad1 Kh7 20. Rd8 Kg6 21. Be5 Kf5 22. f4 Ba5 23. Rf8 Kg6 24. Rd1 b5 25. g4 Bb7 26. Rxa8 Bxa8 27. Rd7 c5 28. Ra7 Be4 29.
Rxa6 Bd2 30. Kf2 Bxc2 31. Ra8 Kh7 32. Rf8 Bg6 33. Ke2 Bc1 34. Rc8 c4 35. a4 Bd3+ 36.
Kd1 Be3 37. axb5 h5 38. gxh5 Be4 39. Ke2 Bb6 40. g4 Bd3+ 41. Kf3 1-0

[Event "*** Titled Tuesday Blitz"]
[Site "Chess.com"]
[Date "2019.05.07"]
[Round "4"]
[White "HansCoolNiemann"]
[Black "Cryptochess"]
[Result "0-1"]
[WhiteElo "2500"]
[BlackElo "2554"]
[TimeControl "180+2"]
[EndTime "13:55:30 PDT"]
[Termination "Cryptochess won by checkmate"]

1. d4 d6 2. Nf3 g6 3. Nc3 Bg7 4. e4 Nf6 5. Be3 O-O 6. h3 a6 7. a4 b6 8. Qd2 Bb7 9. Bd3 Nc6 10.
d5 Nb8 11. Bh6 c6 12. Bxg7 Kxg7 13. Bc4 Nbd7 14. O-O cxd5 15. Bxd5 Nxd5 16. exd5 Nf6 17. Rfe1 Qc7 18. Re3 Rfe8 19. Rae1 Kf8 20. Qd4 Qc5 21.
Qh4 Bxd5 22. Qh6+ Kg8 23. Ng5 Bc6 24. Re6 Qd4 25. Ne2 Qxb2 26. Re3 e5 27. Ng3 Qxc2 28. R3e2 Qc5 29. Nh5 gxh5 30. Qxf6 Qd5 31. Qh6 Qxg2# 0-1

[Event "*** Titled Tuesday Blitz"]
[Site "Chess.com"]
[Date "2019.05.07"]
[Round "4"]
[White "RegZryt"]
[Black "Walter_White_Poland"]
[Result "1-0"]
[WhiteElo "2512"]
[BlackElo "2284"]
[TimeControl "180+2"]
[EndTime "13:55:30 PDT"]
[Termination "RegZryt won on time"]

1. d4 Nf6 2. c4 c5 3. d5 e6 4.
Nc3 exd5 5. cxd5 d6 6. e4 g6 7.
Nf3 Bg7 8. Be2 O-O 9. Be3 Nbd7 10. Nd2 Ne5 11. O-O h6 12. h3 g5 13. a4 Ng6 14.
Nc4 Re8 15. Qc2 Qe7 16. Bd3 g4 17. Nb5 Rd8 18. Rae1 gxh3 19. g3 Ng4 20. f4 a6 21.
Nc3 Nxe3 22. Nxe3 Bd4 23. Kh2 h5 24. Nf5 Qf6 25. e5 dxe5 26. fxe5 Nxe5 27. Nxd4 Ng4+ 28. Kh1 Qxd4 29. Rf4 Qg7 30. Bf5 Bxf5 31. Qxf5 Re8 32.
Ne4 Rxe4 33. Rexe4 Rd8 34. Qxh5 1-0

[Event "*** Titled Tuesday Blitz"]
[Site "Chess.com"]
[Date "2019.05.07"]
[Round "4"]
[White "DrBergerBerger"]
[Black "DenishevM"]
[Result "1-0"]
[WhiteElo "2421"]
[BlackElo "2589"]
[TimeControl "180+2"]
[EndTime "13:55:30 PDT"]
[Termination "DrBergerBerger won by resignation"]

1. e4 c5 2. Nc3 d6 3. f4 g6 4. Nf3 Bg7 5. Bb5+ Bd7 6. Bc4 Nc6 7. O-O Na5 8. Be2 Nf6 9. d3 O-O 10. Qe1 b5 11. a3 Rc8 12. Bd2 b4 13. Nd1 Nc6 14.
axb4 Nxb4 15. Ne3 Ng4 16. Bd1 Nxe3 17. Bxe3 Bxb2 18. Rxa7 Bg7 19. f5 Ra8 20. Rxa8 Qxa8 21. Qh4 c4 22. Qxe7 cxd3 23. cxd3 Bb5 24. f6 Re8 25.
Qxd6 Bf8 26. Qc7 Bxd3 27. Bb3 Be7 28. fxe7 Qxe4 29. Bxf7+ Kg7 30. Bd4+ Kh6 31. Qc1+ 1-0

[Event "*** Titled Tuesday Blitz"]
[Site "Chess.com"]
[Date "2019.05.07"]
[Round "4"]
[White "GMJimKnopf"]
[Black "r31415"]
[Result "0-1"]
[WhiteElo "2384"]
[BlackElo "2357"]
[TimeControl "180+2"]
[EndTime "13:55:30 PDT"]
[Termination "r31415 won on time"]

1. e4 e5 2. Nf3 Nc6 3. Bb5 Nf6 4. Qe2 Bc5 5. c3 d6 6. d3 O-O 7. Bg5 h6 8. Bh4 g5 9. Nxg5 hxg5 10. Bxg5 Kg7 11. Nd2 Qe7 12. O-O-O Nd8 13. Rdf1 Rh8 14.
Bf4 exf4 15. d4 Bb6 16. e5 dxe5 17. dxe5 Nd5 18. Bc4 c6 19. g3 Bf5 20. Qf3 Ne6 21. Rhg1 Rad8 22. Ne4 Bxe4 23. Qxe4 f3 24. Qxf3 Qg5+ 25.
Kb1 Qh5 26. g4 Qh3 27. Qf5 Qh7 28. f4 Ndxf4 29. Rxf4 Nxf4 30. e6 Qxf5+ 31. gxf5+ Bxg1 0-1

[Event "*** Titled Tuesday Blitz"]
[Site "Chess.com"]
[Date "2019.05.07"]
[Round "4"]
[White "pedro_gines"]
[Black "FMJoseHerrera"]
[Result "1-0"]
[WhiteElo "2357"]
[BlackElo "2468"]
[TimeControl "180+2"]
[EndTime "13:55:35 PDT"]
[Termination "pedro_gines won on time"]

1. d4 Nf6 2. Nf3 g6 3. Bg5 Bg7 4. Nbd2 O-O 5. c3 d6 6. e4 c6 7. Bd3 b5 8. O-O Qc7 9. Qe2 a5 10. a4 b4 11. Nc4 bxc3 12. bxc3 Nbd7 13. Rfb1 Ba6 14. Bf4 Nh5 15. Bd2 Rfe8 16. Ng5 e5 17.
Nxe5 dxe5 18. Bxa6 exd4 19. cxd4 Bxd4 20. Rb7 Qd6 21. Rd1 Rxa6 22. Qxa6 Nc5 23. Qc4 Ne6 24. Nxf7 Qf8 25. Bh6 Qa3 26. Ng5 Nf4 27. Rg7+ Bxg7 28.
Qxc6 1-0

[Event "*** Titled Tuesday Blitz"]
[Site "Chess.com"]
[Date "2019.05.07"]
[Round "4"]
[White "stepanosinovsky"]
[Black "TheBigBadChessDad"]
[Result "1-0"]
[WhiteElo "2395"]
[BlackElo "2317"]
[TimeControl "180+2"]
[EndTime "13:55:37 PDT"]
[Termination "stepanosinovsky won by resignation"]

1. e4 e5 2. Nf3 Nf6 3. Nc3 Nc6 4.
Bb5 Bb4 5. O-O O-O 6. d3 Bxc3 7. bxc3 d6 8. h3 h6 9. Re1 Bd7 10. d4 Re8 11. Bd3 Na5 12. Rb1 c5 13. d5 c4 14.
Bf1 b5 15. g3 Qc7 16. Nh4 Nb7 17. Qf3 Nh7 18. Nf5 Ng5 19. Qh5 Bxf5 20. exf5 f6 21. h4 Nf7 22. Rxb5 Reb8 23. Re4 Nc5 24. Rxb8+ Rxb8 25. Rg4 Rb1 26. Qg6 Nh8 27. Qe8+ Kh7 28. Bxh6 g5 29. fxg6+ Kxh6 30. Qxh8+ 1-0

[Event "*** Titled Tuesday Blitz"]
[Site "Chess.com"]
[Date "2019.05.07"]
[Round "4"]
[White "SoltaniciR"]
[Black "BasilSmash"]
[Result "1-0"]
[WhiteElo "2503"]
[BlackElo "2483"]
[TimeControl "180+2"]
[EndTime "13:55:37 PDT"]
[Termination "SoltaniciR won by resignation"]

1. e4 c6 2. d4 d5 3. exd5 cxd5 4. c4 Nf6 5. Nc3 Nc6 6. Bg5 e6 7. Nf3 Be7 8. a3 O-O 9. Bd3 dxc4 10. Bxc4 a6 11. O-O b5 12. Ba2 Bb7 13. Qd3 h6 14. Bh4 Nh5 15. Bg3 Nxg3 16. hxg3 Bf6 17. Rad1 g6 18. d5 exd5 19. Bxd5 Bg7 20. Qxg6 Qxd5 21. Qxg7+ Kxg7 22. Nxd5 Rad8 23. Ne3 Ne7 24. g4 Bxf3 25.
gxf3 f5 26. Kg2 f4 27. Nc2 Ng6 28. Nd4 Nh4+ 29. Kh3 Rxd4 30. Rxd4 Nxf3 31. Rd6 Ng5+ 32. Kh2 Rc8 33. Rfd1 Rc2 34. Rxa6 Rxf2+ 35. Kg1 Nh3+ 36. Kh1 Kf7 37. Rd7+ Ke8 38. Rh7 1-0

[Event "*** Titled Tuesday Blitz"]
[Site "Chess.com"]
[Date "2019.05.07"]
[Round "4"]
[White "picturesquecheck"]
[Black "albano87"]
[Result "0-1"]
[WhiteElo "2039"]
[BlackElo "2220"]
[TimeControl "180+2"]
[EndTime "13:55:39 PDT"]
[Termination "albano87 won by resignation"]

1. e4 c5 2. Nf3 Nc6 3. d4 cxd4 4. Nxd4 Nf6 5. Nc3 d6 6. Bg5 Bd7 7. Qd2 Rc8 8. Nxc6 Bxc6 9. f3 e6 10. O-O-O Be7 11. Be3 Qa5 12. Kb1 a6 13. Ne2 Qxd2 14.
Rxd2 O-O 15. Nd4 Rfd8 16. Bc4 d5 17. exd5 Bxd5 18. Bxd5 Nxd5 19. Bf2 Bg5 20. Rdd1 Ne3 21. Bxe3 Bxe3 22. Nb3 Kf8 23. c3 Ke7 24. Kc2 Kf6 25.
Rd3 Bb6 26. Rhd1 Rxd3 27. Rxd3 Rc7 28. Kd1 Ke5 29. Ke2 h5 30. g3 g5 31. Nd2 f5 32.
b3 h4 33. Nc4+ Rxc4 34. bxc4 h3 35. Rd7 Bg1 36. Rxb7 Bxh2 37. Kf2 f4 38. gxf4+ Bxf4 39. Rh7 h2 40. Ke2 Bg3 41. Kd3 Kf4 42. Rxh2 Bxh2 43.
Ke2 Ke5 44. Ke3 Bf4+ 45. Kd3 Kd6 46. Kd4 e5+ 47. Ke4 Kc5 48. Kd3 a5 49. a4 Bh2 50.
Ke4 Kxc4 0-1

[Event "*** Titled Tuesday Blitz"]
[Site "Chess.com"]
[Date "2019.05.07"]
[Round "4"]
[White "Naruto-K"]
[Black "Veiso"]
[Result "0-1"]
[WhiteElo "2522"]
[BlackElo "2377"]
[TimeControl "180+2"]
[EndTime "13:55:42 PDT"]
[Termination "Veiso won by resignation"]

1. d4 Nf6 2. Bf4 c5 3. d5 d6 4. Nc3 g6 5. e4 Bg7 6. Nf3 O-O 7.
Be2 b5 8. Bxb5 Nxe4 9. O-O Nxc3 10. bxc3 Bxc3 11. Rb1 Bg7 12. Re1 Bd7 13. Bf1 Bg4 14. Rb7 Nd7 15. h3 Bxf3 16. Qxf3 Ne5 17. Qa3 a5 18. Qa4 h6 19. Reb1 g5 20. Bd2 f5 21. R1b5 f4 22. Rxa5 Rxa5 23. Bxa5 Qa8 24. Qb5 f3 25. g3 Bf6 26. a4 Qc8 27. Bd2 Qf5 28. Qb1 h5 29. a5 h4 30. g4 Qe4 31.
c4 Qxb1 32. Rxb1 Ra8 33. Rb7 Kf8 34. Rb6 Ke8 35. a6 Nd7 36. Rc6 Nb8 37. Rc8+ Kd7 38. Rh8 Bxh8 0-1

[Event "*** Titled Tuesday Blitz"]
[Site "Chess.com"]
[Date "2019.05.07"]
[Round "4"]
[White "Yaacovn"]
[Black "Karacsonyi_Gellert"]
[Result "1-0"]
[WhiteElo "2803"]
[BlackElo "2564"]
[TimeControl "180+2"]
[EndTime "13:55:43 PDT"]
[Termination "Yaacovn won by checkmate"]

1. d4 Nf6 2. Nf3 d6 3. e3 Bg4 4. Be2 Nbd7 5. b3 e5 6. Bb2 e4 7. Nfd2 Bxe2 8. Qxe2 Be7 9. c4 c6 10. Nc3 d5 11. f3 exf3 12. Qxf3 O-O 13. cxd5 cxd5 14.
Nxd5 Nxd5 15. Qxd5 Bb4 16. O-O-O Qe7 17. Nc4 Nb6 18.
Qe5 Rac8 19. Qxe7 Bxe7 20. Kc2 Nxc4 21. bxc4 Rxc4+ 22. Kd3 Ra4 23. a3 b5 24. Ra1 Rc8 25.
Rhc1 Rxc1 26. Rxc1 Bxa3 27. Rc8+ Bf8 28. d5 f6 29. Bd4 Kf7 30. Rc7+ Ke8 31. Rc8+ Kf7 32. Rc7+ Ke8 33. Bxa7 Rg4 34. g3 h5 35. Rc8+ Kf7 36.
Bd4 h4 37. Rc7+ Ke8 38. Rb7 b4 39. Kc4 hxg3 40. hxg3 Rxg3 41. Kb5 Rg1 42. Rb8+ Kf7 43.
Rb7+ Ke8 44. Kc4 Rc1+ 45. Kd3 Rd1+ 46. Ke4 Rb1 47. Kf5 Bd6 48. Ke6 Bh2 49. d6 Bxd6 50. Kxd6 b3 51. Ke6 Kf8 52. Rb8# 1-0

[Event "*** Titled Tuesday Blitz"]
[Site "Chess.com"]
[Date "2019.05.07"]
[Round "4"]
[White "vovachesss"]
[Black "Kangoroo3000"]
[Result "1-0"]
[WhiteElo "2528"]
[BlackElo "2658"]
[TimeControl "180+2"]
[EndTime "13:55:48 PDT"]
[Termination "vovachesss won on time"]

1. Nf3 d5 2. b3 Bg4 3. Bb2 Bxf3 4. gxf3 Nf6 5. Bg2 e6 6. e4 g6 7. Qe2 Bg7 8. exd5 Qxd5 9. Nc3 Qa5 10. Ne4 Nbd7 11.
f4 Qb6 12. O-O-O O-O-O 13. Ng5 Rhf8 14. Ba3 c5 15. Qc4 Qa5 16. Bb2 Nb6 17. Qe2 Nbd5 18. Qf3 Qa6 19. Kb1 Bh8 20. d4 c4 21. Bf1 b5 22. a4 bxa4 23. bxc4 Nb4 24. Qc3 Nc6 25. Bg2 Qb7 26. Ne4 Nd7 27. Nd6+ 1-0

[Event "*** Titled Tuesday Blitz"]
[Site "Chess.com"]
[Date "2019.05.07"]
[Round "4"]
[White "joppie2"]
[Black "GukeshDommaraju"]
[Result "1-0"]
[WhiteElo "2764"]
[BlackElo "2627"]
[TimeControl "180+2"]
[EndTime "13:55:49 PDT"]
[Termination "joppie2 won by resignation"]

1. e4 c5 2. Nf3 Nc6 3. d4 cxd4 4. Nxd4 Nf6 5. Nc3 e5 6. Ndb5 d6 7. Nd5 Nxd5 8. exd5 Ne7 9. c4 Ng6 10. Qa4 Bd7 11. Qb4 Qb8 12. h4 h5 13. Be3 a6 14. Nc3 Be7 15. Na4 Bf5 16. Nb6 O-O 17.
Nxa8 Qxa8 18. g3 Be4 19. Rg1 f5 20. Bg5 Bxg5 21. hxg5 Qd8 22. Be2 h4 23. f3 Qxg5 24. fxe4 Qe3 25. Rf1 hxg3 26. Qd2 Qb6 27. O-O-O g2 28.
Rg1 Nf4 29. Bf3 fxe4 30. Bxe4 Ne2+ 31. Qxe2 Rf2 32. Rxg2 Rxe2 33. Rxe2 Qc5 34. Bd3 b5 35. Rc2 Qe3+ 36. Kb1 e4 37. Be2 bxc4 38. Bxc4 a5 39. Re2 Qf4 40. Rde1 e3 41. b3 a4 42. Rxe3 a3 43.
Re8+ Kh7 44. Rh1+ Kg6 45. Bd3+ Kf7 46. Rf1 Qxf1+ 47. Bxf1 Kxe8 48. Kc2 1-0

[Event "*** Titled Tuesday Blitz"]
[Site "Chess.com"]
[Date "2019.05.07"]
[Round "4"]
[White "norwaytoadog"]
[Black "GremioPrudente"]
[Result "0-1"]
[WhiteElo "2239"]
[BlackElo "2133"]
[TimeControl "180+2"]
[EndTime "13:55:53 PDT"]
[Termination "GremioPrudente won on time"]

1. e4 e6 2. d4 d5 3. e5 c5 4. c3 Qb6 5. Nf3 Bd7 6. a3 cxd4 7. cxd4 Bb5 8. Bxb5+ Qxb5 9. Nc3 Qa6 10. Ne2 Ne7 11.
O-O Nd7 12. b4 Rc8 13. Be3 Nf5 14. Nf4 Nxe3 15. fxe3 Rc3 16. Qd2 Rxa3 17. Rac1 Nb6 18. Rc7 Nc4 19. Qf2 Ra2 20. Qh4 Qb6 21. Rc8+ Kd7 22. Ra8 Nxe3 23. Rc1 Be7 24. Ng5 Rxa8 25. Qxh7 Bxg5 26. Qxg7 Be7 27. Qxf7 Rc2 28. Re1 Rf8 29. Qg7 Rxf4 0-1

[Event "*** Titled Tuesday Blitz"]
[Site "Chess.com"]
[Date "2019.05.07"]
[Round "4"]
[White "Siemba"]
[Black "LarissaSteenbekkers"]
[Result "1-0"]
[WhiteElo "2110"]
[BlackElo "1957"]
[TimeControl "180+2"]
[EndTime "13:55:55 PDT"]
[Termination "Siemba won on time"]

1. e4 e6 2. d4 d5 3. Nc3 Bb4 4. e5 Ne7 5. a3 Bxc3+ 6. bxc3 c5 7. Qg4 Qc7 8. Qxg7 Rg8 9. Qxh7 cxd4 10. Ne2 dxc3 11. f4 Nbc6 12. Qd3 Bd7 13. Nxc3 a6 14. Rb1 Rc8 15. h4 Na5 16. Rh3 Nc4 17. h5 Nf5 18. h6 Rh8 19. h7 Qc5 20. g4 Nd4 21. Rxb7 Bc6 22. Rxf7 Kxf7 23. Rh6 Ke7 24. f5 Nxa3 25. Nxd5+ Bxd5 26. Bxa3 Nb5 27. Bxc5+ Rxc5 28. fxe6 Bxe6 29. c4 Nc7 30. Qd6+ Ke8 31. Qxc5 1-0

[Event "*** Titled Tuesday Blitz"]
[Site "Chess.com"]
[Date "2019.05.07"]
[Round "4"]
[White "LastHeroJr"]
[Black "tomozupan"]
[Result "1-0"]
[WhiteElo "2478"]
[BlackElo "2285"]
[TimeControl "180+2"]
[EndTime "13:55:57 PDT"]
[Termination "LastHeroJr won on time"]

1. e4 e5 2. Nf3 Nc6 3. Bc4 Bc5 4. O-O Nf6 5. d3 d6 6. a4 O-O 7. c3 a6 8. h3 Ba7 9. Re1 Ne7 10. d4 Ng6 11. Bb3 Qe7 12. Nbd2 Nf4 13. Nf1 N6h5 14. Ng3 Nxg3 15. fxg3 Ne6 16. Be3 exd4 17. cxd4 Bd7 18. Nh4 Ng5 19. Bc2 Nxe4 20. d5 Nxg3 21. Bxa7 Qxh4 22.
Bf2 Qg5 23. Ra3 Nf5 24. Re4 Rae8 25. Rg4 Qf6 26. Rf3 Qe5 27. Re4 Qf6 28. Ref4 g6 29. g4 1-0

[Event "*** Titled Tuesday Blitz"]
[Site "Chess.com"]
[Date "2019.05.07"]
[Round "4"]
[White "DrMelekess"]
[Black "elefante33"]
[Result "1-0"]
[WhiteElo "2765"]
[BlackElo "2561"]
[TimeControl "180+2"]
[EndTime "13:55:58 PDT"]
[Termination "DrMelekess won by resignation"]

1. d4 Nf6 2. Nf3 b6 3. g3 Bb7 4. Bg2 e6 5. O-O Be7 6. c4 O-O 7. Re1 Ne4 8. Qc2 f5 9. Nfd2 Nc6 10. Nxe4 Nxd4 11. Qd3 fxe4 12. Qxd4 Bc5 13. Qd1 Bxf2+ 14. Kh1 Bxe1 15. Qxe1 d5 16. Nc3 c5 17. b3 Qe7 18.
Bb2 Rf7 19. Rd1 Rd8 20. Kg1 Qg5 21. e3 h5 22. h4 Qg4 23. Nxe4 Rdf8 24. Nd6 Rf3 25.
Nxb7 Rxg3 26. Rd2 Qxh4 27. Rf2 Rb8 28. Be5 Rxb7 29. Bxg3 Qxg3 30. Rf8+ 1-0

[Event "*** Titled Tuesday Blitz"]
[Site "Chess.com"]
[Date "2019.05.07"]
[Round "4"]
[White "GMsKoRPioN"]
[Black "FrenchMonster2002"]
[Result "1-0"]
[WhiteElo "2587"]
[BlackElo "2390"]
[TimeControl "180+2"]
[EndTime "13:56:00 PDT"]
[Termination "GMsKoRPioN won by resignation"]

1. d4 Nf6 2. c4 g6 3. Nc3 Bg7 4. e4 d6 5. f3 a6 6. Be3 c6 7. Qd2 b5 8. Bh6 Bxh6 9. Qxh6 Nbd7 10. h4 e5 11. d5 cxd5 12. cxd5 Nh5 13. Nge2 Qf6 14. Qe3 Bb7 15. O-O-O O-O 16. Kb1 Nc5 17. g4 Nf4 18. g5 Qe7 19. Nxf4 exf4 20. Qxf4 b4 21.
Ne2 f5 22. e5 Qxe5 23. Qxe5 dxe5 24. h5 Rad8 25. Nc1 Kg7 26. h6+ Kf7 27. Bc4 Rd6 28. Rhe1 Re8 29. Nb3 Nxb3 30. Bxb3 a5 31. Rc1 Re7 32. Rc5 e4 33. fxe4 fxe4 34. Rxa5 e3 35. Rb5 e2 36. Rxb4 Bxd5 37. Rd4 Re5 38. Bxd5+ Rdxd5 39. Rxd5 Rxd5 40. Rxe2 Rxg5 41. a4 Rh5 42. b4 Rxh6 43.
a5 Rh5 44. a6 Rh3 45. a7 Rb3+ 46. Rb2 Ra3 47. Ra2 Rb3+ 48. Kc2 Rxb4 49. a8=Q 1-0

[Event "*** Titled Tuesday Blitz"]
[Site "Chess.com"]
[Date "2019.05.07"]
[Round "4"]
[White "RojonR"]
[Black "capatl"]
[Result "1-0"]
[WhiteElo "2418"]
[BlackElo "2574"]
[TimeControl "180+2"]
[EndTime "13:56:05 PDT"]
[Termination "RojonR won by resignation"]

1. e4 c5 2. Nf3 e6 3. c3 Nf6 4. e5 Nd5 5. d4 cxd4 6. Qxd4 Nc6 7. Qe4 d6 8. Bb5 Bd7 9. c4 Nc7 10. Bg5 Be7 11. exd6 Nxb5 12. dxe7 Qa5+ 13. Nbd2 Nd6 14.
Qd3 Nf5 15. O-O Nfxe7 16. Ne4 f6 17. Nd6+ Kf8 18. Nxb7 Qc7 19. Nc5 Rd8 20. Qxd7 Qxd7 21. Nxd7+ Rxd7 22. Be3 Kf7 23. Rfd1 Rb7 24. Rab1 Rc8 25. a3 Na5 26. c5 Nf5 27. b4 Nc4 28. Bc1 a5 29. Kf1 Rxc5 30. bxc5 Rxb1 31. c6 Ne7 32. c7 Nb6 33. Ke2 Nbd5 34. Nd4 Nxc7 35. Bd2 a4 36. Rxb1 1-0